 Dungeon Crawl Stone Soup version 0.29.1-15-g9cfb28693d (webtiles) character file.

Game seed: 14696188058480665196

129 Descartes the Ducker (level 4, -5/24 HPs)
             Began as a Spriggan Chaos Knight on Mar 13, 2023.
             Was a Plaything of Xom.
             Slain by an ogre
             ... wielding a +0 giant spiked club
              (21 damage)
             ... on level 3 of the Dungeon.
             The game lasted 00:04:42 (2310 turns).

Descartes the Ducker (Spriggan Chaos Knight)        Turns: 2310, Time: 00:04:42

Health: -5/24      AC:  6    Str: 10    XL:     4   Next: 88%
Magic:  5/5        EV: 18    Int: 13    God:    Xom [....*.]
Gold:   112        SH:  0    Dex: 14    Spells: 3/3 levels left

rFire   . . .      SeeInvis +   a - +0 short sword (chaos)
rCold   . . .      Faith    .   (no shield)
rNeg    . . .      Spirit   .   b - +2 robe
rPois   .          Reflect  .   (helmet restricted)
rElec   .          Harm     .   p - scarf {+Inv}
rCorr   +          Rampage  .   (gloves unavailable)
Will    .....                   (boots unavailable)
Stlth   ++........              (no amulet)
HPRegen 0.08/turn               s - ring of resist corrosion
MPRegen 0.09/turn               (no ring)

@: very quick
A: very small, no large weapons, unfitting armour, see invisible, speed 3,
hooves 1, iridescent scales 1, MP-powered wands
a: Renounce Religion, Evoke Invisibility


You were on level 3 of the Dungeon.
You worshipped Xom.
You were a beloved toy of Xom.
You visited 1 branch of the dungeon, and saw 3 of its levels.

You collected 112 gold pieces.

Inventory:

Hand Weapons
 a - a +0 short sword of chaos (weapon)
 o - a +2 dagger of distortion
Missiles
 n - 5 boomerangs
 w - 3 poisoned darts
Armour
 b - a +2 robe (worn)
 p - a scarf of invisibility (worn)
Jewellery
 s - a ring of resist corrosion (left hand)
Scrolls
 d - a scroll of amnesia {unknown}
 j - a scroll of fear {unknown}
 k - a scroll of enchant weapon {unknown}
 l - a scroll of immolation {unknown}
 t - 2 scrolls of identify {unknown}
 u - a scroll of teleportation {unknown}
Potions
 e - a potion of mutation {unknown}
 f - a potion of lignification {unknown}
 g - a potion of attraction {unknown}
 h - 3 potions of heal wounds {unknown}
 i - a potion of cancellation {unknown}
 m - a potion of berserk rage {unknown}
 q - a potion of flight {unknown}
 r - 2 potions of brilliance {unknown}
 v - a potion of curing {unknown}
Miscellaneous
 c - a piece from Xom's chessboard (15/15) (quivered)


   Skills:
 + Level 3.0 Fighting
 + Level 4.0 Short Blades
 + Level 4.2 Dodging
 + Level 3.0 Stealth
 + Level 2.4 Evocations


You had 3 spell levels left.
You didn't know any spells.
Your spell library contained the following spells:

 Spells                   Type           Power      Damage    Failure   Level
 Slow                     Hex            0%         N/A       30%         1
 Blink                    Tloc           0%         N/A       43%         2
 Confusing Touch          Hex            0%         N/A       67%         3
 Dazzling Flash           Conj/Hex       0%         N/A       67%         3
 Vampiric Draining        Necr           0%         2d6       67%         3
 Iskenderun's Mystic Bla  Conj/Tloc      0%         2d3       97%         4
 Manifold Assault         Tloc           0%         N/A       100%        5
 Starburst                Conj/Fire      0%         6d3       100%        6
 Storm Form               Tmut/Air       0%         N/A       100%        7


Dungeon Overview and Level Annotations

Branches:
Dungeon (3/15)

Altars:

Shops:
D:1 !


Innate Abilities, Weirdness & Mutations

You are very small and have problems with some larger weapons.
You are too small for most types of armour.
You have supernaturally acute eyesight. (SInv)
You cover ground extremely quickly. (Speed+++)
You have large cloven feet.
You are partially covered in iridescent scales. (AC +2)
You expend magic power (3 MP) to strengthen your wands.


Message History

You barely miss the gnoll.
The gnoll is heavily wounded.
The gnoll hits you but does no damage. The gnoll misses you.
You hit the gnoll.
You feel better.
You kick the gnoll, but do no damage.
The gnoll is severely wounded.
The gnoll hits you with a +0 club.
You hit the gnoll but do no damage. You drain the gnoll. You kick the gnoll.
You kill the gnoll!
Your Fighting skill increases to level 3!
Things that are here:
a +0 club; a gnoll corpse You completely miss the gnoll.
You kick the gnoll.
The gnoll is moderately wounded.
The gnoll hits you but does no damage. The gnoll misses you.
You hit the gnoll but do no damage. You drain the gnoll.
The gnoll is heavily wounded.
The gnoll hits you but does no damage. x2
You hit the gnoll but do no damage. Lightning courses through the gnoll!!
You kill the gnoll!
The gnoll closely misses you.
Your Stealth skill increases to level 3!
Things that are here:
a +0 club; a giant cockroach corpse You hit the gnoll but do no damage.
The gnoll completely misses you.
You barely miss the gnoll. The gnoll misses you.
You closely miss the gnoll. The gnoll hits you with a +0 spear.
You completely miss the gnoll. You kick the gnoll.
The gnoll is moderately wounded.
The gnoll hits you but does no damage.
You hit the gnoll.
The gnoll appears confused.
You kick the gnoll.
The gnoll is almost dead.
The gnoll hits the ogre with a +0 spear!
You completely miss the gnoll.
The gnoll is severely wounded.
You hit the ogre. You kick the ogre.
The ogre is heavily wounded.
The ogre hits you with a +0 giant spiked club!!
Ouch! That really hurt!
You die...
Xom howls with laughter!

#...# ###...#
......########## #
###............# .#
###.########.# ,,.# #.# #.#
..# #.########)#######..###
#####.........)##g........#
......>........)@O.....# *
##############.#########, *
#.# * , #.# ,,* * #.# *
*,..# *, * *,### * ,* * *
*,, *,* * ,**


You could see an ogre and a gnoll (confused).

Vanquished Creatures
  An orc priest (D:3)
  Robin (D:3)
  3 gnolls (D:3)
  2 orcs (D:3)
  7 endoplasms
  3 giant cockroaches
  8 goblins
  4 hobgoblins
  6 jackals
  2 ball pythons
  2 bats
  5 frilled lizards
  6 kobolds
  7 rats
57 creatures vanquished.

Notes
Turn   | Place    | Note
-------+----------+-------------------------------------------
     0 | D:1      | Descartes the Spriggan Chaos Knight began the quest for the
                  | Orb.
     0 | D:1      | Reached XP level 1. HP: 11/11 MP: 2/2
   226 | D:1      | Found a faded altar of an unknown god.
   278 | D:1      | Found Dying's Distillery.
   287 | D:1      | Reached skill level 1 in Stealth
   287 | D:1      | Reached XP level 2. HP: 16/16 MP: 3/3
   488 | D:1      | XOM: silly message
   537 | D:1      | Reached skill level 1 in Evocations
   703 | D:2      | XOM: butterfly on damage
  1085 | D:2      | XOM: 2-stop teleportation journey
  1187 | D:2      | XOM: divination: detect items
  1327 | D:2      | Reached XP level 3. HP: 19/19 MP: 4/4
  1376 | D:2      | XOM: give mutations
  1376 | D:2      | Gained mutation: You expend magic power (3 MP) to
                  | strengthen your wands. [Xom's grace]
  1376 | D:2      | Gained mutation: You are partially covered in iridescent
                  | scales. (AC +2) [Xom's grace]
  1376 | D:2      | Gained mutation: You have large cloven feet. [Xom's grace]
  1484 | D:2      | XOM: scenery: summon butterflies
  1728 | D:2      | XOM: silly message
  1882 | D:3      | Reached XP level 4. HP: 21/23 MP: 5/5
  1891 | D:3      | Noticed Robin
  1906 | D:3      | Killed Robin
  1907 | D:3      | XOM: divination: magic mapping
  2126 | D:3      | XOM: scenery: summon butterflies
  2242 | D:3      | XOM: 1-stop teleportation journey
  2283 | D:3      | Noticed an ogre
  2310 | D:3      | Slain by an ogre

Illustrated notes

Levels and vault maps discovered:
D:1:      minmay_arrival_stone_box, layout_loops_ring, basic_ecumenical_altar,
          serial_shops, shop, chequers_serial_rivers_micro_c,
          supply_closet_lemuel
D:2:      layout_rooms, minmay_fractal_squares_5
D:3:      layout_loops_ring, uniq_grinder, uniq_robin

Skill      XL: |  1  2  3  4 |
---------------+-------------+-----
Stealth        | 1 2 3 |  3.0
Evocations     | 1 2 |  2.4
Dodging        | 4 |  4.2
Short Blades   | 4 |  4.0
Fighting       | 3 |  3.0

Action                   |  1- 3 |  4- 6 || total
-------------------------+-------+-------++-------
Melee: Short sword       |   105 |    49 ||   154
       Kick              |    11 |    19 ||    30
 Stab: Sleeping          |     5 |     1 ||     6
Armor: Robe              |    18 |    10 ||    28
Dodge: Dodged            |    80 |    41 ||   121
